 Dungeon Crawl Stone Soup version 0.31-a0-875-g02e7d12df6 (webtiles) character file.

Game seed: 13633554368266042370

87 Dordric the Changeling (level 4, -20/32 HPs)
             Began as a Djinni Shapeshifter on Oct 12, 2023.
             Demolished by an ice beast (21 damage)
             ... on level 3 of the Dungeon.
             The game lasted 00:02:50 (1837 turns).

Dordric the Changeling (Djinni Shapeshifter)        Turns: 1837, Time: 00:02:52

Health: -20/32     AC:  5    Str: 21    XL:     4   Next: 80%
Gold:   100        EV: 11    Int: 12    God:
                   SH:  0    Dex: 12

rFire   + + .        r - +0 dagger (venom)
rCold   x . .        (no shield)
rNeg    . . .        k - +0 ring mail
rPois   ∞            (helmet currently unavailable)
rElec   .            (cloak currently unavailable)
rCorr   .            p - melded +0 pair of gloves
SInv    +            (boots unavailable)
Will    .....        (no amulet)
Stlth   +            e - +6 ring of strength
HPRegen 0.25/turn    i - ring of see invisible
MPRegen 0.00/turn

%: infuse magic (-21 HP)
@: beast-form, flying
A: beast (slay +2), flying, sickness immunity, fire resistance 2, cold
vulnerability 1, float, innate caster, HP casting, extra vitality 1
a: Begin Untransformation


You were on level 3 of the Dungeon.
You were a hulking beast.
You visited 1 branch of the dungeon, and saw 3 of its levels.

You collected 100 gold pieces.

Inventory:

Hand Weapons
 r - a +0 dagger of venom (weapon)
Armour
 a - a +0 animal skin
 k - a +0 ring mail (worn)
 p - a +0 pair of gloves (melded)
 t - a +1 pair of gloves
Jewellery
 e - a +6 ring of strength (left hand)
 i - a ring of see invisible (right hand)
Talismans
 c - a beast talisman (active)
 d - a flux talisman
Scrolls
 m - a scroll of enchant weapon
 n - 2 scrolls of silence {unknown}
 q - 2 scrolls of teleportation {unknown}
 s - a scroll of identify
Potions
 b - a potion of lignification
 g - 2 potions of enlightenment {unknown}
 h - a potion of attraction {unknown}
 j - a potion of heal wounds {unknown}
 l - a potion of curing {unknown}
 o - a potion of degeneration {unknown}


   Skills:
 - Level 1.0 Fighting
 - Level 2.1 Dodging
 - Level 3.0 Unarmed Combat
 + Level 4.4 Shapeshifting


You knew the following spells:

 Your Spells              Type           Power      Damage    Failure   Level
a - Kiss of Death         Conj/Necr      0%         2d5       50%         1
Your spell library was empty.

Dungeon Overview and Level Annotations

Branches:
Dungeon (3/15)

Altars:


Innate Abilities, Weirdness & Mutations

You are a hulking beast.
Your limbs bulge with bestial killing power. (Slay +2)
You are flying.
You are immune to sickness and miasma.
You are immune to poison.
Your flesh is very heat resistant. (rF++)
You are vulnerable to cold. (rC-)
You float through the air rather than walking.
You learn spells naturally, not from books.
Your magical power is your life essence.
You have superior vitality. (+4 MHP)


Message History

No target in view!
No target in view!
No target in view!
No target in view!
You see here an adder corpse.
An ice beast comes into view.
The ice beast moves out of view.
An ice beast is nearby!
An ice beast is nearby!
An ice beast is nearby!
The air fills with toxic fumes!
As you read the scroll of poison, it crumbles to dust.
The ice beast attacks as it pursues you!
The ice beast misses you.
The ice beast attacks as it pursues you!
The ice beast hits you. The ice beast freezes you!
You feel a terrible chill!
You hit the ice beast.
The ice beast is lightly wounded.
The ice beast barely misses you.
You hit the ice beast.
The ice beast is moderately wounded.
The ice beast hits you but does no damage.
You barely miss the ice beast.
The ice beast is moderately wounded.
The ice beast hits you but does no damage.
You closely miss the ice beast.
The ice beast is moderately wounded.
The ice beast hits you but does no damage.
You hit the ice beast but do no damage.
The ice beast is moderately wounded.
The ice beast hits you. The ice beast freezes you!!
You feel a terrible chill!
Ouch! That really hurt!
* * * LOW HITPOINT WARNING * * *
You hit the ice beast but do no damage.
The ice beast is poisoned.
The ice beast is moderately wounded.
The ice beast hits you.
* * * LOW HITPOINT WARNING * * *
The ice beast freezes you!!
You feel a terrible chill!
Ouch! That really hurt!
You die...

#.#...............
#.#.####.###.##.#.
#.#.####.###.##)#.
#.#...............
#.#.##†###.##.#.#.
#.#.............#.
########.#.##.#.##.#.#.#.
........○#.##........#...
.#######h#....#.#......#.
####§§Y#.##.#......#.#.
#○○§.§§#. #...#........
#○##§○☼#.##.#.#.#.##.#.
#. .☼§§☼....#..........
###○§§.##.#.#.##.###.
#§☼§.##......).)...
##§☼§##.#.##.###.##
###.##.#.##.###.##


You could see an ice beast (very poisoned).

Vanquished Creatures
  3 adders
  2 dart slugs
  6 orcs (D:3)
  6 endoplasms
  A giant cockroach (D:2)
  2 goblins (D:3)
  6 hobgoblins
  A quokka (D:1)
  4 ball pythons
  4 bats
  3 frilled lizards
  4 kobolds
  7 rats
49 creatures vanquished.

Notes
Turn   | Place    | Note
-------+----------+-------------------------------------------
     0 | D:1      | Dordric the Djinni Shapeshifter began the quest for the
                  | Orb.
     0 | D:1      | Reached XP level 1. HP: 17/17 MP: 0/0
    83 | D:1      | Reached skill level 3 in Shapeshifting
    91 | D:1      | Reached XP level 2. HP: 13/22 MP: 0/0
   412 | D:1      | Reached XP level 3. HP: 27/27 MP: 0/0
   412 | D:1      | Learned a level 1 spell: Kiss of Death
  1507 | D:3      | Reached skill level 4 in Shapeshifting
  1507 | D:3      | Reached XP level 4. HP: 21/32 MP: 0/0
  1826 | D:3      | Noticed an ice beast
  1837 | D:3      | HP: 1/32 [ice beast (2)]
  1837 | D:3      | Demolished by an ice beast

Illustrated notes

Levels and vault maps discovered:
D:1:      amcnicky_arrival_flooded_fountain, layout_loops_ring
D:2:      layout_basic
D:3:      layout_loops_ring, grunt_qazlal_clouds, nicolae_ru_awakened_eye,
          nicolae_sif_muna_condensation, minmay_diced_spiral, uniq_terence,
          uniq_sigmund

Skill      XL: |  1  2  3 |
---------------+----------+-----
Shapeshifting  | 3 4 |  4.4
Fighting       | |  1.0
Dodging        | |  2.1
Unarmed Combat | |  3.0

Action                     |  1- 3 |  4- 6 || total
---------------------------+-------+-------++-------
  Melee: Unarmed           |    95 |    27 ||   122
         Punch             |     4 |     1 ||     5
         Dagger            |       |    18 ||    18
    Use: Scroll            |     2 |     1 ||     3
   Stab: Sleeping          |     3 |       ||     3
 Armour: Animal skin       |    23 |       ||    23
         Ring mail         |    16 |    23 ||    39
  Dodge: Dodged            |    50 |    19 ||    69
   Form: Flux              |     1 |       ||     1
         Beast             |       |     1 ||     1

Table legend: (Time is in decaauts)
 A = Elapsed time spent in this place.
 B = Non-inter-level travel time spent in this place.
 C = Inter-level travel time spent in this place.
 D = Time resting spent in this place.
 E = Time spent auto-exploring this place.
 F = Levels seen in this place.
 G = Mean time per level.
                   A        B        C        D        E       F      G
               +--------+--------+--------+--------+--------+-----+--------+
         Total |   1827 |   1749 |     78 |      0 |   1376 |   3 |  609.0 |
       Dungeon |   1827 |   1749 |     78 |      0 |   1376 |   3 |  609.0 |
               +--------+--------+--------+--------+--------+-----+--------+

Top non-repeatable levels by time:
     D:2: 739 daAuts
     D:1: 724 daAuts
     D:3: 363 daAuts
